 Dungeon Crawl Stone Soup version 0.18-a0-1186-gd02dc51 (webtiles) character file.

62 kae the Insei (level 3, -1/29 HPs)
             Began as a Demonspawn Monk on Jan 28, 2016.
             Slain by an adder (2 damage)
             ... on level 2 of the Dungeon.
             The game lasted 00:02:58 (2009 turns).

kae the Insei (Demonspawn Monk)                     Turns: 2009, Time: 00:02:58

Health: -1/29      AC:  4    Str: 15    XL:     3   Next: 85%
Magic:  3/3        EV: 13    Int: 11    God:
Gold:   103        SH:  0    Dex: 16    Spells: 0 memorised, 2 levels left

rFire  + . .     SeeInvis .       - Unarmed
rCold  + . .     Gourm    .     a - +0 robe
rNeg   . . .     Faith    .     (no shield)
rPois  +         Spirit   .     (no helmet)
rElec  +         Dismiss  .     (no cloak)
rCorr  +         Reflect  .     j - +1 pair of gloves
SustAt .         Harm     .     (no boots)
MR     .....                    (no amulet)
Stlth  ++........               l - +4 ring of strength
                                c - ring of flight

@: lethally poisoned (-1 -> -4), resistant, not resistant to hostile
enchantments, unstealthy
A: talons 1, powered by pain 1
a: Evoke Flight


You were on level 2 of the Dungeon.
You were hungry.

You visited 1 branch of the dungeon, and saw 3 of its levels.

You collected 103 gold pieces.

Inventory:

Armour
 a - a +0 robe (worn)
 j - a +1 pair of gloves (worn)
Jewellery
 c - a ring of flight (left hand)
 l - a +4 ring of strength (right hand)
Scrolls
 d - 4 scrolls of identify
Potions
 m - 2 potions of brilliance
Comestibles
 b - 2 bread rations
 g - 3 fruits


   Skills:
 - Level 3.0 Fighting
 - Level 2.6 Dodging
 - Level 1.7 Stealth
 + Level 5.0 Unarmed Combat


You had 2 spell levels left.
You didn't know any spells.

Dungeon Overview and Level Annotations

Branches:
Dungeon (3/15)

Altars:
Okawaru
Vehumet

Annotations:
D:3 utis's ghost, amateur DEGl


Innate Abilities, Weirdness & Mutations

You have sharp toenails.
You sometimes gain a little power by taking damage.


Message History

Unknown command.
Read which item? (? for menu, Esc to quit)
As you read the scroll labeled XAUNNACKAYS, it crumbles to dust.
The scroll dissolves into smoke.
It was a scroll of fog.
The giant frog hits you.
* * * LOW HITPOINT WARNING * * *
The adder bites you but does no damage.
Drink which item? (? for menu, Esc to quit)
You feel protected.
You feel sick. The giant frog closely misses you. The adder bites you.
* * * LOW HITPOINT WARNING * * *
The giant frog closely misses you. The adder misses you.
Unknown command.
Unknown command.
Unknown command.
The adder misses you. The giant frog hits you.
* * * LOW HITPOINT WARNING * * *
Unknown command.
You barely miss the adder. The adder bites you.
You die...

#.# #.## ##.# ##. #.# ###.# #.#
#.. #.# ##...# #.# #.#
#######.###..### #.# #.#
#.......##..## #.###.)
#.......§§...########.##...
#.......§§§#..(............
#........SF########........
#.######)§@# #........ #.#
#§..# #.......# #.# #...#
#........ #.# #...# ####...####
#####.######...######....### ##
#.....÷...........##..#### ###.
#....................†..####...
#............##................
#..........#[##..[.............


You could see a giant frog and an adder.

Vanquished Creatures
  An adder (D:2)
  2 worms (D:2)
  4 giant geckos
  A ball python (D:2)
  2 giant cockroaches (D:1)
  5 goblins
  3 hobgoblins
  8 jackals (D:2)
  3 kobolds
  2 bats
  2 giant newts
  6 rats
39 creatures vanquished.

Notes
Turn   | Place    | Note
--------------------------------------------------------------
     0 | D:1      | kae the Demonspawn Monk began the quest for the Orb.
     0 | D:1      | Reached XP level 1. HP: 18/18 MP: 1/1
    42 | D:1      | You fall through a shaft!
   122 | D:2      | Found a radiant altar of Vehumet.
   368 | D:2      | Reached skill level 4 in Unarmed Combat
   375 | D:2      | Gained mutation: You have sharp toenails. [demonic ancestry]
   375 | D:2      | Reached XP level 2. HP: 12/24 MP: 2/2
   921 | D:1      | Gained mutation: You sometimes gain a little power by taking damage. [demonic ancestry]
   921 | D:1      | Reached XP level 3. HP: 16/29 MP: 3/3
  1636 | D:2      | Reached skill level 5 in Unarmed Combat
  1799 | D:2      | Found an iron altar of Okawaru.
  1886 | D:3      | Noticed utis's ghost (amateur DEGl)
  1988 | D:3      | Noticed a giant frog
  2008 | D:2      | HP: 1/29 [giant frog (2)]
  2009 | D:2      | Slain by an adder

Vault maps used:
D:1:      scummos_arrival_hexagon
D:2:      lemuel_doored_altar, kennysheep_okawaru_gauntlet
D:3:      nicolae_overflow_hidden_temple, makhleb_altar_promises_db

Action                   || total
-------------------------++-------
Melee: Unarmed           ||   150
  Use: Potion            ||     4
       Scroll            ||     8
 Stab: Sleeping          ||     5
  Eat: Chunk             ||     3
